 Seeded DCSS version 0.29-a0-96-g93358da72b (webtiles) character file.

Game seed: 8896313398491821788 (custom seed)

64 innerfire433 the Ducker (level 4, -4/35 HPs)
             Began as a Djinni Monk on Feb 10, 2022.
             Slain by a quokka (5 damage)
             ... on level 2 of the Dungeon.
             The game lasted 00:01:53 (1644 turns).

innerfire433 the Ducker (Djinni Monk)               Turns: 1644, Time: 00:01:54

Health: -4/35      AC:  2    Str: 12    XL:     4   Next: 32%
Gold:   40         EV: 14    Int: 11    God:
                   SH:  0    Dex: 16

rFire   + + .      SeeInvis .   a - +0 spear
rCold   x . .      Faith    .   (no shield)
rNeg    . . .      Spirit   .   b - +0 robe
rPois   ∞          Reflect  .   (no helmet)
rElec   .          Harm     .   (no cloak)
rCorr   .          Rampage  .   (no gloves)
Will    .....                   (boots unavailable)
Stlth   ++........              (no amulet)
HPRegen 0.11/turn               (no ring)
MPRegen 0.00/turn               (no ring)

@: flying
A: sickness immunity, fire resistance 2, cold vulnerability 1, float, innate
caster, HP casting, extra vitality 1
a: no special abilities


You were on level 2 of the Dungeon.
You visited 1 branch of the dungeon, and saw 2 of its levels.

You collected 40 gold pieces.

Inventory:

Hand Weapons
 a - a +0 spear (weapon)
Missiles
 i - a throwing net (quivered)
Armour
 b - a +0 robe (worn)
Scrolls
 c - a scroll of immolation {unknown}
 d - a scroll of brand weapon {unknown}
 f - a scroll of amnesia {unknown}
 g - a scroll of torment {unknown}
 h - a scroll of fog {unknown}
 j - a scroll of identify {unknown}
 k - 2 scrolls of vulnerability {unknown}
Potions
 e - 3 potions of curing {unknown}
 l - a potion of attraction {unknown}
 m - a potion of lignification {unknown}
 n - a potion of brilliance {unknown}


   Skills:
 - Level 3.1 Fighting
 * Level 3.2 Polearms
 * Level 4.3 Dodging
 - Level 1.7 Stealth


You had 2 spell levels left.
You knew the following spells:

 Your Spells              Type           Power      Damage    Failure   Level
a - Freeze                Ice            0%         1d3       34%         1
Your spell library was empty.

Dungeon Overview and Level Annotations

Branches:
Dungeon (2/15)

Altars:


Innate Abilities, Weirdness & Mutations

You are immune to sickness and miasma.
You are immune to poison.
Your flesh is very heat resistant. (rF++)
You are vulnerable to cold. (rC-)
You float through the air rather than walking.
You learn spells naturally, not from books.
Your magical power is your life essence.
You have superior vitality. (+4 MHP)


Message History

The rat is moderately wounded.
The rat misses you.
You hit the rat.
You kill the rat!
You hit the ball python.
The ball python is severely wounded.
The ball python barely misses you. The ball python grabs you.
The ball python constricts you.
The ball python bites you but does no damage.
The ball python constricts you.
You closely miss the ball python.
The ball python is severely wounded.
The ball python bites you. The ball python constricts you.
You closely miss the ball python.
The ball python is severely wounded.
The ball python bites you.
* * * LOW HITPOINT WARNING * * *
The ball python constricts you.
* * * LOW HITPOINT WARNING * * *
You hit the ball python.
You kill the ball python!
You hit the goblin.
You kill the goblin!
You closely miss the rat. The rat completely misses you.
You completely miss the rat. The rat closely misses you.
You barely miss the rat. The rat bites you but does no damage.
You closely miss the rat. The rat barely misses you.
You closely miss the rat. The rat barely misses you.
You hit the rat.
You kill the rat!
You miss the quokka. The quokka closely misses you.
You closely miss the quokka. The quokka closely misses you.
You closely miss the quokka. The quokka misses you. The quokka bites you.
* * * LOW HITPOINT WARNING * * *
You barely miss the quokka. The quokka bites you.
* * * LOW HITPOINT WARNING * * *
You hit the quokka.
The quokka is almost dead.
The quokka bites you.
You die...

...(.# ... ....
#.##.# #.# #.#.#
#.##.# ........
#.##.# ##.#.#.#
.....# ...... #..#.##
##.#.#.#.# ..###.##
#..[...... .## ##.#
##r#.#.#.# #.###.##
####@##.#
##.#.########.......#
....###.......##.####
###.###........#.#
#......#####.#.#
######.#####.#.# #
#.#.......# #
#.#...#.### ####
#.#...#.#


You could see a quokka.

Vanquished Creatures
  An adder (D:2)
  A dart slug (D:2)
  8 endoplasms
  A giant cockroach (D:2)
  5 goblins
  4 hobgoblins
  4 jackals (D:2)
  4 kobolds
  3 quokkas
  3 ball pythons (D:2)
  2 bats (D:2)
  3 frilled lizards
  8 rats
  A spectral goblin (D:2)
48 creatures vanquished.

Notes
Turn   | Place    | Note
-------+----------+-------------------------------------------
     0 | D:1      | innerfire433 the Djinni Monk began the quest for the Orb.
     0 | D:1      | Reached XP level 1. HP: 20/20 MP: 0/0
     3 | D:1      | Noticed a minotaur skeleton
     5 | D:1      | Noticed a vampire
     9 | D:1      | Noticed a demonspawn zombie
    15 | D:1      | Noticed a human
   130 | D:1      | Reached XP level 2. HP: 13/25 MP: 0/0
   474 | D:1      | Reached XP level 3. HP: 30/30 MP: 0/0
   474 | D:1      | Learned a level 1 spell: Freeze
   983 | D:2      | Reached skill level 4 in Dodging
  1304 | D:2      | Reached XP level 4. HP: 35/35 MP: 0/0
  1643 | D:2      | HP: 1/35 [quokka (4)]
  1644 | D:2      | Slain by a quokka

Illustrated notes

Levels and vault maps discovered:
D:1:      shiori_arrival_whats_in_store_for_you, layout_rooms,
          chequers_serial_rivers_room_a
D:2:      layout_loops_cross, dreamdust_ecumenical_altar_drowned_temple,
          nrook_campfire, st_stairs_9, kennysheep_boxes

Skill      XL: |  1  2  3 |
---------------+----------+-----
Polearms       | 3 |  3.2
Dodging        | 4 |  4.3
Fighting       | |  3.1
Stealth        | |  1.7

Action                   |  1- 3 |  4- 6 || total
-------------------------+-------+-------++-------
Melee: Spear             |   138 |    67 ||   205
 Stab: Sleeping          |     4 |     1 ||     5
Armor: Robe              |    20 |     5 ||    25
Dodge: Dodged            |    65 |    42 ||   107

Table legend: (Time is in decaauts)
 A = Elapsed time spent in this place.
 B = Non-inter-level travel time spent in this place.
 C = Inter-level travel time spent in this place.
 D = Time resting spent in this place.
 E = Time spent auto-exploring this place.
 F = Levels seen in this place.
 G = Mean time per level.
                   A        B        C        D        E       F      G
               +--------+--------+--------+--------+--------+-----+--------+
         Total |   1635 |   1635 |      0 |      0 |   1265 |   2 |  817.5 |
       Dungeon |   1635 |   1635 |      0 |      0 |   1265 |   2 |  817.5 |
               +--------+--------+--------+--------+--------+-----+--------+

Top non-repeatable levels by time:
     D:2: 886 daAuts
     D:1: 748 daAuts
